 Dungeon Crawl Stone Soup version 0.31-a0-210-gccc998df9b (webtiles) character file.

Game seed: 9739865167997692549

1418 Ijustatesigmund the Stinger (level 8, -6/52 HPs)
             Began as an Octopode Venom Mage on June 29, 2023.
             Was an Initiate of Vehumet.
             Mangled by an ogre
             ... wielding a +0 giant spiked club
              (15 damage)
             ... on level 5 of the Dungeon.
             The game lasted 00:11:59 (7004 turns).

Ijustatesigmund the Stinger (Octopode Venom Mage)   Turns: 7004, Time: 00:12:00

Health: -6/52      AC:  5    Str:  5 (7)  XL:     8   Next: 71%
Magic:  11/15      EV: 13    Int: 16 (19) God:    Vehumet [......]
Gold:   340        SH:  5    Dex: 10 (13) Spells: 6/16 levels left

rFire   . . .        b - +0 long sword (flame)
rCold   . . .        (no shield)
rNeg    . . .        (helmet restricted)
rPois   .            p - amulet of reflection
rElec   .            e - +4 ring of protection
rCorr   .            (no ring)
SInv    .            (no ring)
Will    .....        (no ring)
Stlth   +++          (no ring)
HPRegen 0.28/turn    (no ring)
MPRegen 0.14/turn    (no ring)
                     (no ring)

%: reflection
@: no status effects
A: almost no armour, amphibious, 8 rings, camouflage 1, gelatinous body 1,
(nimble swimmer 1), tentacles
a: Renounce Religion


You were on level 5 of the Dungeon.
You worshipped Vehumet.
Vehumet was noncommittal.
You visited 2 branches of the dungeon, and saw 6 of its levels.

You collected 340 gold pieces.

Inventory:

Hand Weapons
 b - a +0 long sword of flaming (weapon)
Missiles
 h - 5 silver javelins
 l - 3 curare-tipped darts (quivered)
Jewellery
 e - a +4 ring of protection (left tentacle)
 f - a ring of flight
 p - an amulet of reflection (around mantle)
Scrolls
 i - 3 scrolls of poison
 m - a scroll of amnesia {unknown}
 n - 2 scrolls of identify
 q - a scroll of blinking {unknown}
 r - a scroll of teleportation
Potions
 a - a potion of magic
 c - 2 potions of curing
 d - 3 potions of might
 g - a potion of brilliance {unknown}
 j - a potion of degeneration
 k - a potion of heal wounds {unknown}
 o - a potion of resistance {unknown}


   Skills:
 - Level 3.3 Fighting
 - Level 2.0 Long Blades
 + Level 2.6 Dodging
 - Level 2.6 Stealth
 + Level 4.7 Spellcasting
 + Level 4.2 Conjurations
 - Level 1.0 Transmutations
 + Level 4.3 Air Magic
 + Level 6.7 Poison Magic


You had 6 spell levels left.
You knew the following spells:

 Your Spells              Type           Power      Damage    Failure   Level
a - Sting                 Tmut/Pois      64%        1d6       3%          1
b - Poisonous Vapours     Pois/Air       42%        N/A       2%          2
c - Mephitic Cloud        Conj/Pois/Air  20%        N/A       6%          3
d - Olgreb's Toxic Radia  Pois           25%        N/A       10%         4

Your spell library contained the following spells:

 Spells                   Type           Power      Damage    Failure   Level
 Dazzling Flash           Conj/Hex       20%        N/A       21%         3
 Volatile Blastmotes      Fire/Tloc      6%         2d10      43%         3
 Iskenderun's Mystic Bla  Conj/Tloc      10%        2d4       54%         4
 Starburst                Conj/Fire      5%         6d4       100%        6


Dungeon Overview and Level Annotations

Branches:
Dungeon (5/15)             Temple (1/1) D:5

Altars:
Ashenzari
Cheibriados
Elyvilon
Fedhas
Gozag
Hepliaklqana
Kikubaaqudgha
Makhleb
Nemelex Xobeh
Okawaru
Qazlal
Ru
Sif Muna
Trog
Uskayaw
Vehumet
Wu Jian
Xom
Yredelemnul
The Shining One


Innate Abilities, Weirdness & Mutations

You cannot wear most types of armour.
You are amphibious.
You can wear up to eight rings at the same time.
Your skin changes colour to match your surroundings (Stealth+).
Your rubbery body absorbs attacks. (AC +1, EV +1)
((You are camouflaged when in or above water. (Stealth+)))
You have tentacles for arms and can constrict up to eight enemies at once.


Message History

You kill the iguana!
Vehumet accepts your kill.
No target in view!
No target in view!
No target in view!
You start resting.
You feel a little less mighty now.
You start resting.
HP restored.
e - a +4 ring of protection (left tentacle)
You start putting on your amulet.
You continue putting on your amulet of reflection. x5
You finish putting on your amulet of reflection.
You feel a shielding aura gather around you.
p - an amulet of reflection (around mantle)
The ogre shouts!
Casting: Poisonous Vapours (safe; 1% risk of failure)
Confirm with . or Enter, or press ? or * to list all spells.
You begin to radiate toxic energy.
The ogre is poisoned.
The ogre looks even sicker.
The ogre barely misses you.
The ogre looks even sicker.
The ogre hits you with a +0 giant spiked club!!
You aren't carrying any items that you can evoke.
Unknown command.
It was a potion of degeneration.
There was something very wrong with that liquid.
You feel weakened.
You feel dopey.
You feel clumsy.
Your toxic aura wanes.
You barely miss the ogre. You squeeze the ogre, but do no damage.
The ogre is moderately wounded.
The ogre barely misses you.
You hit the ogre. You burn the ogre.
The ogre is heavily wounded.
The ogre hits you with a +0 giant spiked club!!
Ouch! That really hurt!
* * * LOW HITPOINT WARNING * * *
You hit the ogre. You burn the ogre. Your squeeze misses the ogre.
The ogre is severely wounded.
The ogre hits you with a +0 giant spiked club!
You die...

###### #####.######
#...#### ###..... ####..
############# #..
#.....#.....#... #..
#.....#.†...#... #..
#..#..#.O#..#..# #..
#..#.†#.@#..#S.# #..
#.)#.....#.....# #..
#..#.....#.....# #..
#))####################.#
#.......................#
#)......................#
#).######################
#..#.....#.....#.g...
#..#.....#.....#......#


You could see an ogre (very poisoned).

Vanquished Creatures
  A water moccasin (D:5)
  Duvessa (D:4)
  2 black bears
  2 ogres
  3 scorpions (D:5)
  Dowan (D:4)
  4 hounds
  3 jellies
  A gnoll bouda (D:5)
  4 iguanas
  A sleepcap (D:4)
  Natasha (thrice) (D:3)
  Robin (D:3)
  6 adders
  A shadow imp (D:5)
  2 ufetubi
  2 worms
  2 dart slugs (D:1)
  4 orcs (D:5)
  12 ball pythons
  6 endoplasms
  6 giant cockroaches
  25 goblins
  7 hobgoblins
  3 quokkas
  4 bats
  7 frilled lizards
  13 kobolds
  6 rats
  2 butterflies (D:4)
135 creatures vanquished.

Notes
Turn   | Place    | Note
-------+----------+-------------------------------------------
     0 | D:1      | Ijustatesigmund the Octopode Venom Mage began the quest for
                  | the Orb.
     0 | D:1      | Reached XP level 1. HP: 11/11 MP: 3/3
   379 | D:1      | Reached XP level 2. HP: 17/18 MP: 5/5
   382 | D:1      | Learned a level 2 spell: Poisonous Vapours
   575 | D:1      | Reached skill level 1 in Fighting
   673 | D:1      | Reached skill level 4 in Poison Magic
   817 | D:1      | Reached XP level 3. HP: 23/23 MP: 6/6
   821 | D:1      | Learned a level 3 spell: Mephitic Cloud
  1535 | D:2      | Reached skill level 1 in Air Magic
  1546 | D:2      | Reached XP level 4. HP: 26/28 MP: 5/7
  1579 | D:2      | You fall into a shaft and drop 2 floors!
  1587 | D:4      | Found a snail-covered altar of Cheibriados.
  2150 | D:2      | Reached skill level 1 in Conjurations
  2479 | D:3      | Found a sacrificial altar of Ru.
  2678 | D:3      | Noticed Natasha
  2684 | D:3      | Killed Natasha
  2685 | D:3      | Reached XP level 5. HP: 25/34 MP: 2/9
  2918 | D:3      | Noticed Robin
  2928 | D:3      | Killed Robin
  3480 | D:3      | Noticed Natasha
  3488 | D:3      | Killed Natasha
  3596 | D:3      | Learned a level 4 spell: Olgreb's Toxic Radiance
  3765 | D:3      | Noticed Natasha
  3773 | D:3      | Killed Natasha
  3845 | D:4      | Reached XP level 6. HP: 36/40 MP: 5/10
  3848 | D:4      | Reached skill level 5 in Poison Magic
  3964 | D:4      | Noticed Duvessa
  3968 | D:4      | Noticed Dowan
  3972 | D:4      | Killed Duvessa
  4268 | D:4      | Killed Dowan
  4269 | D:4      | Reached XP level 7. HP: 45/45 MP: 1/12
  4440 | D:4      | Found a sparkling altar of Nemelex Xobeh.
  4453 | D:4      | Found a shimmering altar of Xom.
  5251 | D:4      | Found a bloodstained altar of Trog.
  5379 | D:5      | Entered Level 5 of the Dungeon
  5653 | D:5      | Reached skill level 1 in Long Blades
  5653 | D:5      | Reached skill level 6 in Poison Magic
  5653 | D:5      | Reached XP level 8. HP: 32/52 MP: 14/14
  6282 | D:5      | Found a staircase to the Ecumenical Temple.
  6295 | Temple   | Entered the Ecumenical Temple
  6346 | Temple   | Became a worshipper of Vehumet
  7004 | D:5      | Mangled by an ogre

Illustrated notes

Levels and vault maps discovered:
D:1:      nagdon_arrival_double_spiral, layout_basic
D:2:      minmay_wonky_spiral, layout_rooms, minmay_close_crescents
D:3:      minmay_diamond_boxcup, layout_basic, nicolae_ru_the_path_less_chosen,
          serial_bayou_pond_b, kennysheep_nub, uniq_natasha, uniq_robin
D:4:      layout_cave_pools, cheibriados_altar_2, kennysheep_mini_moat,
          trog_book, xom_butterflies, minmay_ogre_servants, uniq_duvessa
D:5:      kennysheep_windowed_halls, layout_basic, minmay_temple_entry_trees
Temple:   hellmonk_temple_of_storms

Skill      XL: |  1  2  3  4  5  6  7  8 |
---------------+-------------------------+-----
Fighting       | 1 2 3 |  3.3
Poison Magic   | 4 5 6 |  6.7
Air Magic      | 1 2 3 4 |  4.3
Conjurations   | 1 2 3 4 |  4.2
Spellcasting   | 3 4 |  4.7
Long Blades    | 1 2 |  2.0
Dodging        | |  2.6
Stealth        | |  2.6
Transmutations | |  1.0

Action                     |  1- 3 |  4- 6 |  7- 9 || total
---------------------------+-------+-------+-------++-------
  Melee: Unarmed           |     9 |       |       ||     9
         Long sword        |    54 |    83 |    58 ||   195
         Constrict         |    18 |    16 |    18 ||    52
         Tentacles         |    14 |    16 |    16 ||    46
         Punch             |       |     2 |     1 ||     3
  Throw: Dart              |       |     1 |       ||     1
   Cast: Poisonous Vapours |    11 |    41 |    25 ||    77
         Sting             |     1 |     7 |     2 ||    10
         Mephitic Cloud    |       |     2 |     3 ||     5
         Olgreb's Toxic Ra |       |     3 |    10 ||    13
    Use: Scroll            |       |     7 |     2 ||     9
         Potion            |       |       |     2 ||     2
   Stab: Sleeping          |     9 |     3 |       ||    12
 Armour: Skin              |     3 |     8 |     4 ||    15
  Dodge: Dodged            |    40 |    51 |    52 ||   143

Table legend: (Time is in decaauts)
 A = Elapsed time spent in this place.
 B = Non-inter-level travel time spent in this place.
 C = Inter-level travel time spent in this place.
 D = Time resting spent in this place.
 E = Time spent auto-exploring this place.
 F = Levels seen in this place.
 G = Mean time per level.
                   A        B        C        D        E       F      G
               +--------+--------+--------+--------+--------+-----+--------+
         Total |   7077 |   6834 |    243 |   2728 |   3231 |   6 | 1179.5 |
       Dungeon |   7016 |   6782 |    234 |   2728 |   3209 |   5 | 1403.2 |
        Temple |     60 |     51 |      9 |      0 |     22 |   1 |   60.0 |
               +--------+--------+--------+--------+--------+-----+--------+

Top non-repeatable levels by time:
     D:3: 1898 daAuts
     D:5: 1578 daAuts
     D:4: 1404 daAuts
     D:1: 1162 daAuts
     D:2: 973 daAuts
  Temple: 60 daAuts
